cohdb
Replays
Latest Replays
All Replays
Popular Replays
Top Player Replays
Match Explorer
How It Works
Community
CoH3 Stats
Reddit
Sign in to upload your games and track your stats! →
Sign in with Steam
Match 39709463
Unlisted
Match 39709463
Overview
Messages
Build Orders
End
Construct Infanterie Kompanie
Grenadier Squad
MG 42 Machine Gun Team
Selects Breakthrough Battlegroup
Selects Assault Grenadiers
Grenadier Squad
Grenadier Squad
Medical Station
Construct Panzergrenadier Kompanie
Pak 40 Anti-tank Gun Team
Selects Rapid Production
Grenadier Squad
Grenadier Squad
Construct Panzer Kompanie
Selects Blitzkrieg
Pak 40 Anti-tank Gun Team
Panzer IV Medium Tank
Selects Smoke Bombing Run
Smoke Bombing Run
Grenadier Squad
Pioneer Squad
Selects Incendiary Bombing Run
Incendiary Bombing Run
Grenadier Squad
Grenadier Squad
Sturmpanzer IV Brummbär
Smoke Bombing Run
TheWishbone
insane
Getmeout
ComradeIgor
Dildo Inspector
Error
ChristophHRO
PH0BB05
0
0
Comments
sign in to comment!
No comments posted yet!